AoeStats
← 喜多川海梦

Arena

512008262Analyzed
4v4 RM · 10d ago on Oct 7, 2026· 36m 41s· 8 players
Game mode
Random Map
Map size
Large (8 player)
Population
200
Speed
Normal
Resources
Standard
Victory
Conquest
Starting age
Dark Age
Ending age
Imperial Age
RankedLock teamsTeams togetherTeam positionsShared explorationLock speedFull tech treeHidden civsTurbo modeCheats
Victory
Defeat
🇬🇧 Teutons · United Kingdom
1182
+12
🇬🇧 Italians · United Kingdom
1175
+13
🇵🇪 Japanese · Peru
1136
+14
🇧🇷 Cumans · Brazil
1121
+16
vs
🇨🇳 Turks · China
1132
-15
🇨🇳 Varangians · China
1099
-14
🇨🇳 Italians · China
1082
-13
🇨🇳 Bengalis · China
1081
-13
asaenzb16_1
10:23 Feudal Age
11:17 Double-Bit Axe
14:48 Castle Age
13:33 Gold Mining
13:49 Horse Collar
15:30 Heavy Plow
21:44 Forging
25:43 Iron Casting
25:47 Scale Mail Armor
28:22 Wheelbarrow
29:11 Chain Mail Armor
30:23 Loom
31:07 Bow Saw
31:38 Pikeman
32:23 Squires
34:57 Stone Mining
SombreWeb
10:03 Feudal Age
13:48 Castle Age
12:26 Double-Bit Axe
12:50 Horse Collar
15:15 Bow Saw
15:49 Heavy Plow
17:47 Town Watch
18:49 Wheelbarrow
21:47 Hand Cart
21:32 Stone Mining
23:04 Gold Mining
23:37 Loom
27:51 Imperial Age
26:25 Forging
26:16 Scale Mail Armor
26:53 Town Patrol
27:32 Stone Shaft Mining
28:22 Iron Casting
28:03 Chain Mail Armor
27:10 Pikeman
27:51 Squires
28:01 Halberdier
29:46 Two-Man Saw
29:39 Crop Rotation
30:41 Blast Furnace
31:06 Plate Mail Armor
31:18 Fletching
31:31 Caravan
31:53 Masonry
32:04 Man-at-Arms
32:13 Man-at-Arms
32:42 Gambesons
32:43 Arson
34:12 Bodkin Arrow
35:10 Conscription
34:48 Long Swordsman
xX_Miliano_Xx
0:27 Loom
11:21 Feudal Age
12:03 Horse Collar
12:12 Double-Bit Axe
18:10 Wheelbarrow
18:35 Gold Mining
19:43 Fletching
19:54 Padded Archer Armor
24:34 Castle Age
23:44 Stone Mining
24:39 Crossbowman
24:54 Capped Ram
25:34 Bodkin Arrow
25:55 Bow Saw
25:48 Heavy Plow
26:26 Gold Shaft Mining
26:27 Leather Archer Armor
27:12 Thumb Ring
30:35 Hand Cart
30:37 Scale Mail Armor
29:59 Pikeman
38:18 Imperial Age
35:26 Elite Skirmisher
Sir Faffalot
5:12 Loom
11:07 Feudal Age
12:02 Double-Bit Axe
12:38 Horse Collar
14:20 Town Watch
17:05 Castle Age
21:58 Imperial Age
20:43 Bow Saw
21:20 Gold Mining
23:42 Chemistry
24:30 Padded Archer Armor
24:51 Block Printing
30:57 Fervor
33:57 Sanctity
35:51 Leather Archer Armor
Tsukitech
11:38 Feudal Age
15:32 Castle Age
15:09 Gold Mining
15:00 Horse Collar
15:07 Double-Bit Axe
17:09 Bow Saw
21:21 Wheelbarrow
24:02 Heavy Plow
29:19 Imperial Age
27:43 Ballistics
28:50 Fletching
29:01 Padded Archer Armor
29:41 Bodkin Arrow
30:05 Paiks
30:21 Conscription
29:25 Elite Elephant Archer
家恒
7:28 Loom
10:10 Feudal Age
10:39 Double-Bit Axe
15:12 Castle Age
13:47 Horse Collar
16:18 Bow Saw
20:01 Wheelbarrow
21:58 Bloodlines
23:24 Scale Barding Armor
24:53 Heavy Plow
25:48 Forging
30:51 Hand Cart
33:39 Imperial Age
33:47 Cavalier
34:27 Husbandry
34:16 Vendel Legacy
35:17 Conscription
36:03 Iron Casting
钩子王
11:44 Feudal Age
12:44 Double-Bit Axe
12:51 Gold Mining
15:31 Castle Age
14:21 Loom
22:02 Imperial Age
喜多川海梦
11:11 Feudal Age
15:01 Castle Age
23:42 Imperial Age
24:25 Ballistics
24:31 Elite Skirmisher
25:53 Double-Bit Axe
29:56 Padded Archer Armor
Connection lost

Rejoining the realm…

Still unreachable

The connection could not be restored.

Session expired

The server has moved on; the page needs a fresh start.